 Dungeon Crawl Stone Soup version 0.23.2-33-g5129a83184 (webtiles) character file.

Game seed: 18123248901897738337

4292 FishyPogo the Grappler (level 10, -7/106 HPs)
             Began as a Troll Monk on July 30, 2019.
             Was a Priest of Wu Jian.
             Mangled by a hornet (11 damage)
             ... on level 8 of the Dungeon.
             The game lasted 01:01:05 (6264 turns).

FishyPogo the Grappler (Troll Monk)                 Turns: 6264, Time: 01:01:07

Health: -7/106     AC:  6    Str: 23    XL:     10   Next: 11%
Magic:  9/9        EV: 10    Int:  6    God:    Wu Jian [***...]
Gold:   373        SH:  0    Dex: 13    Spells: 9/9 levels left

rFire    + . .     SeeInvis .     - Unarmed
rCold    . . .     Gourm    +   (no shield)
rNeg     . . .     Faith    +   a - +0 robe
rPois    .         Spirit   .   (helmet restricted)
rElec    .         Reflect  .   C - scarf {repulsion}
rCorr    .         Harm     .   (gloves unavailable)
MR       .....                  (boots unavailable)
Stlth    +.........             c - amulet of faith
HPRegen  0.67/turn              j - ring of protection from fire
MPRegen  0.11/turn              r - ring of flight

@: lethally poisoned (-7 -> -16), slowed, lightly drained, repel missiles, very
slow
A: large, unfitting armour, claws 3, fast metabolism 3, gourmand, regeneration
1, shaggy fur 1, tough skin 3
a: Wall Jump, Serpent's Lash, Renounce Religion, Evoke Flight


You were on level 8 of the Dungeon.
You worshipped Wu Jian.
Wu Jian was most pleased with you.
You were completely stuffed.

You visited 2 branches of the dungeon, and saw 9 of its levels.
You also visited: Ossuary.

You collected 373 gold pieces.

Inventory:

Hand Weapons
 H - the +4 trident "Ciqaukh" {freeze, rF++ rC- Int+4 Stlth+}
   (You found it on level 7 of the Dungeon)

   It has been specially enchanted to freeze those struck by it, causing extra
   injury to most foes and up to half again as much damage against particularly
   susceptible opponents.
   It can also slow down cold-blooded creatures.
   It affects your intelligence (+4).
   It greatly protects you from fire.
   It makes you vulnerable to cold.
   It makes you more stealthy.
Missiles
 i - 130 stones
 u - 8 javelins
 x - 5 large rocks (quivered)
Armour
 a - a +0 robe (worn)
 C - a scarf of repulsion (worn)
Jewellery
 c - an amulet of faith (around neck)
 j - a ring of protection from fire (left claw)
 n - an uncursed amulet of guardian spirit
 r - a ring of flight (right claw)
Wands
 m - a wand of random effects (38)
 q - a wand of polymorph (10)
 t - a wand of enslavement (3)
 v - a wand of iceblast (19)
 F - a wand of digging (5)
Scrolls
 d - 3 scrolls of teleportation {unknown}
 e - a scroll of enchant armour {unknown}
 g - 2 scrolls of amnesia {unknown}
 h - 7 scrolls of identify
 l - a scroll of blinking {unknown}
 o - 4 scrolls of remove curse
 s - 2 scrolls of enchant weapon {unknown}
 y - 2 scrolls of fear
Potions
 f - 2 potions of haste {unknown}
 k - 2 potions of invisibility {unknown}
 p - a potion of heal wounds
 w - a potion of magic {unknown}
 z - 2 potions of resistance
 A - 2 potions of curing
 B - a potion of agility
 D - a potion of ambrosia {unknown}
 E - 2 potions of flight
Comestibles
 b - 17 rations
 G - 3 chunks of flesh


   Skills:
 + Level 8.8(8.2) Fighting
 - Level 3.0(2.4) Throwing
 - Level 3.0(2.4) Dodging
 - Level 1.0(0.5) Stealth
 + Level 10.4(9.7) Unarmed Combat


You had 9 spell levels left.
You didn't know any spells.
Your spell library contained the following spells:

 Spells                   Type           Power        Failure   Level  Hunger
 Ice Form                 Ice/Tmut       #.......     99%         4    #####..
 Metabolic Englaciation   Hex/Ice        #.........   100%        5    ######.
 Bolt of Cold             Conj/Ice       #.........   100%        6    #######
 Freezing Cloud           Conj/Ice/Air   #.........   100%        6    #######
 Ozocubu's Refrigeration  Ice            #.........   100%        6    #######
 Simulacrum               Ice/Necr       #.........   100%        6    #######


Dungeon Overview and Level Annotations

Branches:
Dungeon (8/15)             Temple (1/1) D:6            Lair (0/6) D:8

Altars:
Ashenzari
Cheibriados
Dithmenos
Elyvilon
Fedhas
Gozag
Hepliaklqana
Kikubaaqudgha
Makhleb
Nemelex Xobeh
Okawaru
Qazlal
Ru
Trog
Uskayaw
Vehumet
Wu Jian
Xom
Yredelemnul
Zin
The Shining One


Innate Abilities, Weirdness & Mutations

You are too large for most types of armour.
You have claws for hands.
Your metabolism is lightning-fast.
You like to eat raw meat.
Your natural rate of healing is unusually fast.
You are covered in fur. (AC +1)
You have extremely tough skin. (AC +3)


Message History

Unknown command.
You feel sick. The hornet barely misses you.
The orc wizard mumbles some strange words.
The orc wizard blinks!
The howler monkey closely misses you. The hornet stings you!
* * * LOW HITPOINT WARNING * * *
You are more poisoned.
You feel as though you will be slow longer.
The orc wizard gestures wildly while chanting.
The orc wizard blinks!
The black bear bites you but does no damage.
The black bear claws you but does no damage.
The black bear claws you.
* * * LOW HITPOINT WARNING * * *
The wight hits you with a +0 long sword!
* * * LOW HITPOINT WARNING * * *
Something hits you but does no damage.
The howler monkey hits you but does no damage.
The hornet stings you!
You die...

#.....##....#
..##........#
...........#
.........##
...####...# ..
##..###...# #####
###...z.....
#....##.##.##.##..
.#......@zs.# #
.......yhhz.#
.#...##.OoH##
.........†..#
.#....#...§##
.....#.†..##
#.......o..#
..........H#
#.....#......#


You could see 2 hippogriffs, a hornet, a black bear, an ogre, a howler monkey, 2
wights, 2 orc wizards and a giant cockroach.

Vanquished Creatures
  Pikel (D:6)
  The ghost of Richi the Stinger, a novice GrVM (D:5)
  Prince Ribbit (D:6)
  Sigmund (D:6)
  A wyvern (D:8)
  A water moccasin (D:8)
  A porcupine (D:8)
  3 orc warriors
  2 black bears
  2 phantoms
  An ogre (D:5)
  3 centaurs
  An elf zombie (D:7)
  An elf skeleton (D:7)
  7 bullfrogs
  4 scorpions
  2 jellies
  2 howler monkeys (D:8)
  A centaur zombie (D:7)
  A hound (D:6)
  A bullfrog zombie (D:7)
  A bullfrog skeleton (D:4)
  4 orc priests
  A centaur skeleton (D:4)
  3 human zombies
  2 iguanas
  Ijyb (D:4)
  7 orc wizards
  4 worker ants
  A big kobold zombie (Ossuary)
  2 hound zombies
  2 hound skeletons
  4 mummies (Ossuary)
  2 worker ant zombies (D:5)
  5 adders
  4 shadow imps
  An ooze (D:5)
  2 adder zombies (D:5)
  6 worms
  A dart slug (D:2)
  A leopard gecko (D:3)
  17 orcs
  10 bats
  2 giant cockroaches
  9 hobgoblins
  5 jackals
  4 kobolds
  6 quokkas
  2 ball pythons
  6 frilled lizards
  A giant cockroach zombie (D:5)
  4 goblins
  2 goblin zombies (Ossuary)
  2 hobgoblin zombies (Ossuary)
  3 jackal zombies
  A leopard gecko skeleton (D:4)
  A leopard gecko zombie (D:4)
  2 orc skeletons (D:7)
  2 orc zombies
  A quokka skeleton (D:5)
  6 rats
  A rat zombie (Ossuary)
  A plant (D:4)
180 creatures vanquished.

Vanquished Creatures (others)
  An iguana (D:6)
1 creature vanquished.

Grand Total: 181 creatures vanquished

Notes
Turn   | Place    | Note
-------+----------+-------------------------------------------
     0 | D:1      | FishyPogo the Troll Monk began the quest for the Orb.
     0 | D:1      | Reached XP level 1. HP: 22/22 MP: 0/0
   433 | D:1      | Reached XP level 2. HP: 29/29 MP: 1/1
   807 | D:2      | Reached skill level 1 in Throwing
   820 | D:2      | Reached XP level 3. HP: 25/36 MP: 2/2
  1397 | D:3      | Reached XP level 4. HP: 36/45 MP: 3/3
  1732 | D:4      | Noticed a phantom
  1957 | D:4      | Reached XP level 5. HP: 48/53 MP: 2/4
  1964 | D:4      | Noticed Ijyb
  1975 | D:4      | Killed Ijyb
  1975 | D:4      | Reached skill level 4 in Unarmed Combat
  2019 | D:4      | Killed a phantom
  2087 | D:4      | Reached XP level 6. HP: 29/62 MP: 2/5
  2230 | D:4      | Found a bloodstained altar of Trog.
  2230 | D:4      | Found a white marble altar of Elyvilon.
  2761 | D:5      | Entered Level 5 of the Dungeon
  2810 | D:5      | Reached skill level 5 in Unarmed Combat
  2865 | D:5      | Found a transporter.
  2924 | D:5      | Found a transporter.
  2924 | D:5      | Noticed Richi's ghost (novice GrVM)
  2981 | D:5      | Reached XP level 7. HP: 21/71 MP: 1/6
  3101 | D:5      | Found a shattered altar of Ashenzari.
  3208 | D:5      | Reached skill level 5 in Fighting
  3216 | D:5      | Reached skill level 6 in Unarmed Combat
  3423 | D:5      | Reached XP level 8. HP: 69/81 MP: 7/7
  3566 | D:6      | Noticed Pikel
  3669 | D:6      | Killed Pikel
  3669 | D:6      | Reached skill level 7 in Unarmed Combat
  3766 | D:6      | Noticed Sigmund
  3839 | D:6      | Killed Sigmund
  3839 | D:6      | Reached skill level 8 in Unarmed Combat
  4049 | D:6      | Noticed Prince Ribbit
  4213 | D:6      | Killed Prince Ribbit
  4213 | D:6      | Reached XP level 9. HP: 68/93 MP: 4/8
  4468 | D:6      | Found a sacrificial altar of Ru.
  4599 | D:6      | Found a staircase to the Ecumenical Temple.
  4608 | Temple   | Entered the Ecumenical Temple
  4708 | Temple   | Became a worshipper of the Wu Jian Council
  4708 | Temple   | Reached * piety under Wu Jian
  4708 | Temple   | Reached ** piety under Wu Jian
  4805 | D:5      | Killed Richi's ghost
  4999 | D:7      | Reached skill level 9 in Unarmed Combat
  5105 | D:7      | Found a sand-covered staircase.
  5123 | Ossuary  | Entered an ossuary
  5384 | D:7      | Found a basalt altar of Yredelemnul.
  5521 | D:7      | Identified the +4 trident "Ciqaukh" {freeze, rF++ rC- Int+4
                  | Stlth+} (You found it on level 7 of the Dungeon)
  5916 | D:8      | Reached *** piety under Wu Jian
  5916 | D:8      | Reached skill level 10 in Unarmed Combat
  6085 | D:8      | Found a staircase to the Lair.
  6121 | D:8      | Reached XP level 10. HP: 53/106 MP: 5/9
  6264 | D:8      | HP: 4/106 [wight/+0 long sword (7)]
  6264 | D:8      | Mangled by a hornet

Skill      XL: |  1  2  3  4  5  6  7  8  9 |
---------------+----------------------------+-----
Throwing       | 1 2 3 |  3.0
Fighting       | 3 4 5 7 8 |  8.8
Dodging        | 3 |  3.0
Unarmed Combat | 4 5 6 8 10 | 10.4
Stealth        | |  1.0

Action                   |  1- 3 |  4- 6 |  7- 9 | 10-12 || total
-------------------------+-------+-------+-------+-------++-------
Melee: Unarmed           |    99 |   141 |   314 |    31 ||   585
       Punch             |     1 |     4 |    17 |     2 ||    24
Throw: Stone             |    15 |    52 |    41 |       ||   108
       Large rock        |       |       |     5 |       ||     5
Invok: Whirlwind         |       |       |    64 |    14 ||    78
       Lunge             |       |       |    12 |     1 ||    13
       Serpent's Lash    |       |       |       |     1 ||     1
 Abil: Wall Jump         |       |       |     7 |     1 ||     8
Evoke: Wand              |       |     1 |     1 |       ||     2
  Use: Scroll            |       |     1 |     3 |       ||     4
       Potion            |       |     3 |     4 |     1 ||     8
 Stab: Sleeping          |     2 |     1 |     4 |       ||     7
  Eat: Chunk             |    18 |    14 |    30 |     1 ||    63
Armor: Robe              |    46 |    26 |    75 |    18 ||   165
       Skin              |       |    11 |     4 |       ||    15
Dodge: Dodged            |    46 |    52 |   118 |    13 ||   229
       Deflected         |       |       |     2 |     1 ||     3
